 Dungeon Crawl Stone Soup version 0.27-a0-1359-ga2a4dfd6fd (webtiles) character file.

Game seed: 13705115535360530642

41101 basicallysejuani the Bludgeoner (level 13, -7/121 HPs)
             Began as a Troll Monk on June 28, 2021.
             Was an Elder of Hepliaklqana.
             Mangled by a nine-headed hydra (12 damage)
             ... on level 5 of the Lair of Beasts.
             The game lasted 02:29:48 (13643 turns).

basicallysejuani the Bludgeoner (Troll Monk)       Turns: 13643, Time: 02:29:49

Health: -7/121     AC:  7    Str: 24    XL:     13   Next: 78%
Magic:  16/16      EV: 10    Int:  8    God:    Hepliaklqana [****..]
Gold:   2116       SH:  0    Dex: 12    Spells: 12/12 levels left

rFire    . . .     SeeInvis .     - Unarmed
rCold    . . .     Faith    .   (no shield)
rNeg     . . .     Spirit   .   w - +0 troll leather armour
rPois    +         Reflect  .   (helmet restricted)
rElec    .         Harm     .   g - +0 cloak
rCorr    +         Rampage  .   (gloves unavailable)
Will     .....                  (boots unavailable)
Stlth    +.........             T - amulet of regeneration
HPRegen  3.30/turn              j - ring of resist corrosion
MPRegen  0.15/turn              a - ring of poison resistance

@: no status effects
A: reduced essence, large, unfitting armour, claws 3, regeneration 1, shaggy fur
1, tough skin 1
a: Renounce Religion, Recall Ancestor, Ancestor Identity, Transference, Idealise


You were on level 5 of the Lair of Beasts.
You worshipped Hepliaklqana.
Hepliaklqana was greatly pleased with you.
You visited 2 branches of the dungeon, and saw 16 of its levels.
You also visited: Ossuary and Bailey.

You collected 2552 gold pieces.
You spent 436 gold pieces at shops.

Inventory:

Hand Weapons
 d - the +10 morningstar "Eos" {elec, Halo rElec}
   (You acquired it on level 9 of the Dungeon)

   Occasionally, upon striking a foe, it can discharge electrical energy and
   cause terrible harm.
   rElec:     It insulates you from electricity.
 I - a +0 giant spiked club
 N - a +1 giant club of freezing
 S - the +4 long sword "Haphede" {freeze, rElec rC+}
   (You found it on level 4 of the Lair of Beasts)

   It has been specially enchanted to freeze those struck by it, causing extra
   injury to most foes and up to half again as much damage against particularly
   susceptible opponents.
   It can also slow down cold-blooded creatures.
   rC:        It protects you from cold.
   rElec:     It insulates you from electricity.
 Z - a +2 spear of pain
Missiles
 c - 12 atropa-tipped darts (quivered)
 h - 6 datura-tipped darts
 s - 74 poisoned darts
Armour
 b - the +1 robe of Ennui {Dex+2}
   (You bought it in a shop on level 8 of the Dungeon)

   Dex:       It affects your dexterity (+2).
 f - a +0 kite shield
 g - a +0 cloak (worn)
 w - a +0 troll leather armour (worn)
 L - +0 steam dragon scales
Magical Staves
 r - a staff of conjuration
Jewellery
 a - a ring of poison resistance (right claw)
 j - a ring of resist corrosion (left claw)
 F - a ring of see invisible
 T - an amulet of regeneration (around neck)
 U - an amulet of magic regeneration
 Y - an amulet of guardian spirit
Wands
 u - a wand of iceblast (27)
 v - a wand of paralysis (16)
 J - a wand of flame (24)
 R - a wand of mindburst (22)
 V - a wand of charming (5)
Scrolls
 i - a scroll of summoning
 m - 2 scrolls of fog
 n - 3 scrolls of magic mapping
 o - 3 scrolls of vulnerability
 t - 2 scrolls of teleportation
 z - 4 scrolls of enchant weapon
 A - a scroll of amnesia
 D - a scroll of fear
 G - 3 scrolls of noise
 Q - a scroll of enchant armour
Potions
 e - a potion of resistance
 k - a potion of ambrosia {unknown}
 p - a potion of berserk rage {unknown}
 q - a potion of attraction
 C - a potion of cancellation {unknown}
 E - 2 potions of brilliance
 H - 2 potions of mutation {unknown}
 K - a potion of flight {unknown}
 M - 2 potions of invisibility
 O - 8 potions of curing
 P - 3 potions of haste


   Skills:
 + Level 10.4 Fighting
 - Level 16.0 Maces & Flails
 - Level 0.7 Throwing
 - Level 0.9 Armour
 - Level 3.3 Dodging
 - Level 1.0 Stealth
 + Level 2.3 Shields
 - Level 6.3 Unarmed Combat
 - Level 5.4 Invocations


You had 12 spell levels left.
You didn't know any spells.
Your spell library contained the following spells:

 Spells                   Type           Power      Damage    Failure   Level
 Beastly Appendage        Tmut           0%         N/A       45%         1
 Corona                   Hex            0%         N/A       45%         1
 Sandblast                Erth           0%         2d4       45%         1
 Corpse Rot               Necr/Air       N/A        N/A       58%         2
 Ensorcelled Hibernation  Hex/Ice        0%         N/A       58%         2
 Passwall                 Tmut/Erth      0%         N/A       58%         2
 Wereblood                Tmut           0%         N/A       58%         2
 Confusing Touch          Hex            0%         N/A       83%         3
 Dazzling Flash           Conj/Hex       0%         N/A       83%         3
 Spider Form              Tmut/Pois      0%         N/A       83%         3
 Stone Arrow              Conj/Erth      0%         3d7       83%         3
 Tukima's Dance           Hex            0%         N/A       83%         3
 Animate Armour           Summ/Erth      0%         N/A       99%         4
 Cause Fear               Hex            0%         N/A       99%         4
 Ice Form                 Ice/Tmut       0%         N/A       99%         4
 Petrify                  Tmut/Erth      0%         N/A       99%         4
 Borgnjor's Vile Clutch   Necr/Erth      0%         N/A       100%        5
 Lee's Rapid Deconstruct  Erth           0%         3d5*      100%        5
 Silence                  Hex/Air        0%         N/A       100%        5
 Summon Forest            Summ/Tloc      0%         N/A       100%        5
 Yara's Violent Unravell  Hex/Tmut       0%         3d3       100%        5
 Eringya's Noxious Bog    Tmut/Pois      0%         N/A       100%        6
 Shadow Creatures         Summ           N/A        N/A       100%        6
 Summon Hydra             Summ           0%         N/A       100%        7
 Discord                  Hex            0%         N/A       100%        8


Dungeon Overview and Level Annotations

Branches:
Dungeon (11/15)            Temple (0/1) D:7            Lair (5/6) D:9
  Swamp (0/4) Lair:4        Snake (0/4) Lair:4      Ossuary (visited)
 Bailey (visited)
  Slime: Lair:5-6       Orc: D:9-12

Altars:
Cheibriados
Dithmenos
Fedhas
Hepliaklqana
Kikubaaqudgha
Nemelex Xobeh
Okawaru
Ru
Vehumet
Wu Jian
Zin

Shops:
D:3 (   D:4 *   D:6 =   D:8 [

Annotations:
Lair:5 exclusion: oklob plant


Innate Abilities, Weirdness & Mutations

Your life essence is reduced to manifest your ancestor. (-10% HP)
You are too large for most types of armour.
You have claws for hands.
Your natural rate of healing is unusually fast.
You are covered in fur. (AC +1)
You have tough skin. (AC +1)


Message History

The yak closely misses MOOBLY MCDOOBLY.
The yak gores you but does no damage.
MOOBLY MCDOOBLY hits the death yak with a +0 quarterstaff!!
Your surroundings suddenly seem different.
An eight-headed hydra comes into view.
The eight-headed hydra roars!
An eight-headed hydra is nearby!
You barely miss the eight-headed hydra.
The eight-headed hydra barely misses you.
The eight-headed hydra bites you!
The eight-headed hydra bites you but does no damage.
The eight-headed hydra bites you! x2
The eight-headed hydra closely misses you.
The eight-headed hydra bites you but does no damage.
The eight-headed hydra bites you!
* * * LOW HITPOINT WARNING * * *
MOOBLY MCDOOBLY has departed this plane of existence.
You claw one of the eight-headed hydra's heads off!
The seven-headed hydra grows two more!
You claw the nine-headed hydra!
The nine-headed hydra is moderately wounded.
The nine-headed hydra bites you! The nine-headed hydra bites you.
The nine-headed hydra bites you!
* * * LOW HITPOINT WARNING * * *
The nine-headed hydra bites you!
* * * LOW HITPOINT WARNING * * *
The nine-headed hydra closely misses you.
The nine-headed hydra bites you but does no damage.
The nine-headed hydra bites you!
* * * LOW HITPOINT WARNING * * *
The nine-headed hydra bites you but does no damage.
The nine-headed hydra bites you.
* * * LOW HITPOINT WARNING * * *
You feel better. The nine-headed hydra bites you.
* * * LOW HITPOINT WARNING * * *
The nine-headed hydra misses you.
The nine-headed hydra bites you but does no damage. x2
The nine-headed hydra bites you!
* * * LOW HITPOINT WARNING * * *
The nine-headed hydra bites you!
You die...

......####
##÷##.......P.#.P####
.....P#
###.........P#####
†.....#
##..#.....#####
.††..## #.##.....##
.>...# ###........#
†....# #..........#
.....# ..........##
.....# #......D...#
........ .......@.###
......###.....###.#
........ ....P #.#
............ ###
.......... ..........


You could see a nine-headed hydra.

Vanquished Creatures
  A two-headed ogre (D:5)
  A death yak (Lair:5)
  2 black mambas
  6 cane toads
  9 komodo dragons
  2 rime drakes (Lair:5)
  A troll (D:10)
  A polar bear (Lair:4)
  A hornet (D:9)
  9 blink frogs
  5 dream sheep (Lair:4)
  6 spriggans
  23 yaks
  A shadow (D:11)
  A wyvern (Lair:1)
  A wraith (D:10)
  3 basilisks
  A steam dragon (D:6)
  7 water moccasins
  A sky beast (D:7)
  6 orc warriors (Bailey)
  2 black bears
  An ice beast (D:7)
  An ogre (D:4)
  14 wolves
  4 centaurs
  A kobold brigand (D:9)
  9 bullfrogs
  A scorpion (D:5)
  A wyvern skeleton (D:7)
  A water moccasin skeleton (D:6)
  2 killer bees (D:9)
  7 wights
  A howler monkey (D:10)
  2 centaur zombies
  A jelly (D:6)
  4 orc priests
  2 hounds
  A human zombie (Ossuary)
  4 iguanas
  A bullfrog skeleton (D:6)
  A human skeleton (D:5)
  Jessica (D:3)
  5 orc wizards
  2 scorpion zombies (D:5)
  A killer bee zombie (D:5)
  2 howler monkey zombies
  2 gnolls
  A howler monkey skeleton (D:5)
  4 adders
  A white imp (D:11)
  2 ufetubi (D:5)
  A worm (D:2)
  2 dart slugs (D:3)
  18 orcs
  5 ball pythons
  5 endoplasms
  3 giant cockroaches (D:1)
  2 gnoll zombies (Ossuary)
  4 goblins
  4 hobgoblins
  5 jackals
  2 quokkas
  A bat (D:1)
  2 frilled lizards
  A goblin zombie (Ossuary)
  2 hobgoblin zombies (Ossuary)
  6 kobolds
  An orc skeleton (D:5)
  2 rats
236 creatures vanquished.

Vanquished Creatures (collateral kills)
  4 hydras
  Pikel (D:4)
  A black mamba (Lair:3)
  Joseph (D:7)
  3 cane toads
  2 komodo dragons (Lair:2)
  A troll (D:9)
  3 blink frogs
  A spriggan (Lair:1)
  2 shadows
  2 wyverns
  A wraith (D:11)
  11 yaks
  A basilisk (Lair:2)
  Grum (D:8)
  2 steam dragons
  An acid dragon (D:9)
  6 orc warriors
  An ice beast (D:7)
  A sky beast (D:7)
  8 wolves
  9 centaurs
  A kobold brigand (D:9)
  2 elf zombies
  3 bullfrogs
  A gnoll sergeant (D:10)
  An elf skeleton (D:5)
  A scorpion (D:5)
  2 killer bees (D:9)
  A howler monkey (D:5)
  7 wights (D:9)
  A crimson imp (D:11)
  A bullfrog zombie (D:4)
  3 centaur zombies
  A hound (D:5)
  A jelly (D:4)
  2 human skeletons (D:5)
  2 orc priests
  An iguana (D:5)
  2 orc wizards
  2 mummies (Ossuary)
  4 gnolls
  3 adders
  An ufetubus (D:6)
  A worm (D:3)
  A dart slug (D:2)
  18 orcs
  A giant cockroach (D:3)
  A goblin (D:5)
  3 hobgoblins
  4 jackals
  11 kobolds
  2 quokkas
  2 ball pythons
  2 bats (D:2)
  A frilled lizard (D:2)
  A gnoll zombie (Ossuary)
  2 goblin zombies (Ossuary)
  A hobgoblin zombie (Ossuary)
  2 orc zombies (Ossuary)
  A rat (D:1)
160 creatures vanquished.

Vanquished Creatures (others)
  An orc (D:6)
  10 battlemagi
  A kobold (D:9)
  14 fungi
  21 plants
47 creatures vanquished.

Grand Total: 443 creatures vanquished

Notes
Turn   | Place    | Note
-------+----------+-------------------------------------------
     0 | D:1      | basicallysejuani the Troll Monk began the quest for the
                  | Orb.
     0 | D:1      | Reached XP level 1. HP: 22/22 MP: 0/0
    96 | D:1      | Reached XP level 2. HP: 28/29 MP: 1/1
   147 | D:1      | Found a faded altar of an unknown god.
   161 | D:1      | Became a worshipper of Hepliaklqana the Forgotten
   161 | D:1      | Reached * piety under Hepliaklqana
   161 | D:1      | Reached ** piety under Hepliaklqana
   162 | D:1      | Remembered your ancestor MOOBLY MCDOOBLY as a battlemage
   531 | D:1      | Reached *** piety under Hepliaklqana
   687 | D:2      | Reached XP level 3. HP: 32/32 MP: 2/2
  1386 | D:3      | Reached XP level 4. HP: 39/39 MP: 3/3
  1557 | D:3      | Reached skill level 1 in Maces & Flails
  1557 | D:3      | Reached skill level 1 in Invocations
  1613 | D:3      | Found an ancient bone altar of Kikubaaqudgha.
  1687 | D:3      | Noticed Jessica
  1695 | D:3      | Killed Jessica
  1696 | D:3      | Reached XP level 5. HP: 47/47 MP: 4/4
  1777 | D:3      | Found Desahoz's Weapon Boutique.
  2000 | D:4      | Noticed Pikel
  2000 | D:4      | Noticed a lemure
  2000 | D:4      | Noticed a lemure
  2000 | D:4      | Noticed a lemure
  2000 | D:4      | Noticed an ogre
  2001 | D:4      | Noticed a lemure
  2033 | D:4      | Reached skill level 2 in Maces & Flails
  2037 | D:4      | Reached XP level 6. HP: 28/54 MP: 6/6
  2077 | D:4      | Reached skill level 3 in Maces & Flails
  2153 | D:4      | Reached **** piety under Hepliaklqana
  2200 | D:4      | Found Lovabeid's General Store.
  2262 | D:4      | Killed Pikel
  2263 | D:4      | Reached skill level 5 in Maces & Flails
  2263 | D:4      | Reached XP level 7. HP: 49/60 MP: 7/7
  2625 | D:5      | Entered Level 5 of the Dungeon
  2642 | D:5      | Reached XP level 8. HP: 70/70 MP: 9/9
  2669 | D:5      | Reached skill level 6 in Maces & Flails
  2672 | D:5      | Found a sand-covered staircase.
  2686 | Ossuary  | Entered an ossuary
  3348 | D:5      | Reached skill level 7 in Maces & Flails
  3376 | D:5      | You fall into a shaft and drop 2 floors!
  3395 | D:7      | Noticed an eight-headed hydra
  3479 | D:7      | Reached skill level 5 in Unarmed Combat
  3592 | D:6      | Found Eniyraf's Jewellery Shoppe.
  3658 | D:6      | Found a hazy altar of Hepliaklqana.
  3791 | D:5      | Reached skill level 8 in Maces & Flails
  3815 | D:5      | Noticed a two-headed ogre
  3826 | D:5      | Reached XP level 9. HP: 59/75 MP: 10/10
  3993 | D:5      | Reached ***** piety under Hepliaklqana
  3998 | D:5      | Found an iron altar of Okawaru.
  4278 | D:5      | Killed a two-headed ogre
  4496 | D:6      | Found a shadowy altar of Dithmenos.
  4496 | D:6      | Found a sparkling altar of Nemelex Xobeh.
  4496 | D:6      | Found an ornate altar of the Wu Jian Council.
  4664 | D:6      | Reached skill level 9 in Maces & Flails
  5058 | D:7      | Noticed Joseph
  5069 | D:7      | Killed Joseph
  5119 | D:7      | Reached skill level 5 in Fighting
  5366 | D:7      | Found a staircase to the Ecumenical Temple.
  5398 | D:7      | HP: 2/79 [sky beast (5)]
  5403 | D:7      | HP: 1/79 [sky beast (6)]
  5524 | D:8      | Noticed Grum
  5536 | D:8      | Killed Grum
  5537 | D:8      | Reached skill level 10 in Maces & Flails
  5537 | D:8      | Reached XP level 10. HP: 40/86 MP: 12/12
  5714 | D:8      | Found Opupsyma's Antique Armour Shop.
  5719 | D:8      | Bought an opalescent robe for 119 gold pieces
  5719 | D:8      | Identified the +1 robe of Ennui {Dex+2} (You bought it in a
                  | shop on level 8 of the Dungeon)
  5871 | D:8      | Found a blossoming altar of Fedhas.
  5871 | D:8      | Found a sacrificial altar of Ru.
  6235 | D:9      | Found a radiant altar of Vehumet.
  6343 | D:9      | Reached skill level 5 in Invocations
  6400 | D:9      | Paralysed by a hornet for 3 turns
  6424 | D:9      | Identified 2 scrolls of acquirement
  6424 | D:9      | Acquired 404 gold pieces
  6981 | D:4      | Bought a scroll of enchant armour for 97 gold pieces
  7204 | D:9      | Found a staircase to the Lair.
  7464 | D:9      | Acquired the +10 morningstar "Eos" {elec, Halo rElec}
  7465 | D:9      | Found the +10 morningstar "Eos" {elec, Halo rElec}
  7492 | D:10     | Entered Level 10 of the Dungeon
  7502 | D:10     | Reached skill level 11 in Maces & Flails
  7623 | D:10     | Found a flagged portal.
  7671 | Bailey   | Entered a bailey
  7689 | Bailey   | Reached XP level 11. HP: 69/93 MP: 14/14
  7919 | Bailey   | Reached skill level 12 in Maces & Flails
  8096 | Bailey   | Reached skill level 14 in Maces & Flails
  8096 | Bailey   | Reached XP level 12. HP: 99/99 MP: 15/15
  8337 | D:10     | Found a glowing silver altar of Zin.
  9492 | D:6      | Bought a ring of poison resistance for 220 gold pieces
  9575 | Lair:1   | Entered Level 1 of the Lair of Beasts
  9615 | Lair:1   | Reached skill level 15 in Maces & Flails
  9761 | Lair:1   | Acquired 842 gold pieces
 10570 | Lair:1   | Noticed a four-headed hydra
 10573 | Lair:1   | Killed a four-headed hydra
 10574 | Lair:1   | Reached skill level 16 in Maces & Flails
 10960 | Lair:2   | Reached XP level 13. HP: 102/109 MP: 16/16
 11466 | Lair:2   | You fall into a shaft and drop 1 floor!
 12041 | Lair:3   | You fall into a shaft and drop 1 floor!
 12041 | Lair:4   | Found a staircase to the Snake Pit.
 12430 | Lair:4   | Identified the +4 long sword "Haphede" {freeze, rElec rC+}
 12561 | Lair:4   | Found a snail-covered altar of Cheibriados.
 12616 | Lair:4   | Found a staircase to the Swamp.
 12814 | Lair:4   | Upgraded the game from 0.27-a0-1347-gd8886f0a89 to
                  | 0.27-a0-1359-ga2a4dfd6fd
 13256 | Lair:5   | Reached skill level 10 in Fighting
 13357 | Lair:5   | Reached skill level 1 in Shields
 13641 | Lair:5   | HP: 6/121 [nine-headed hydra (13)]
 13643 | Lair:5   | Mangled by a nine-headed hydra

Illustrated notes

Levels and vault maps discovered:
D:1:      matt_arrival_spirals, layout_rooms, basic_ecumenical_altar,
          minmay_stone_trees_medium
D:2:      layout_loops_ring
D:3:      layout_loops_cross, kiku_gazebo_pond_becter, serial_shops, shop,
          uniq_jessica
D:4:      layout_cave_pools, serial_shops, shop_statue, uniq_pikel
D:5:      minmay_octagon_keep, layout_loops_corners, okawaru_altar_gauntlet_db,
          nicolae_ossuary_entry_catacombs
D:6:      layout_rooms, grunt_temple_overflow_open, serial_shops, shop,
          serial_aquarium, aquarium_bridge_straight [aquarium_subvault_bridge,
          aquarium_subvault_wall, aquarium_subvault_bridge,
          aquarium_subvault_wall], aquarium_window_1, aquarium_window_fake,
          aquarium_window_fake, aquarium_window_fake, aquarium_view_2d,
          aquarium_balcony_double_1
D:7:      layout_rooms, minmay_temple_entry_proselytizer, uniq_joseph
D:8:      layout_rooms, amethyst_overflow_temple_binary, serial_shops, shop,
          serial_glass, glass_columns_b, glass_columns_a, uniq_grum
D:9:      layout_rooms, overflow_temple_1_default, dpeg_oklobed_lair,
          st_stairs_3
D:10:     layout_rooms, old_standard_altar, enter_bailey_2, st_stairs_10
D:11:     layout_loops_ring, minmay_fire_ice_demons
Lair:1:   kb_forest_paths, layout_gridlike
Lair:2:   layout_hall_layers
Lair:3:   layout_regular_city
Lair:4:   layout_hall_layers, swamp_mist, dummy_snake_entry, basic_altar,
          grunt_forest_stairs_clearing
Lair:5:   beast_lair_carwin_large_3, layout_hall_layers,
          minmay_slime_entry_oklob_open, serial_bayou_pond_a

Skill      XL: |  1  2  3  4  5  6  7  8  9 10 11 12 13 |
---------------+----------------------------------------+-----
Fighting       | 3 4 5 6 10 | 10.4
Maces & Flails | 1 2 5 8 10 11 14 16 | 16.0
Invocations    | 1 2 3 4 5 |  5.4
Unarmed Combat | 4 5 6 |  6.3
Dodging        | 3 |  3.3
Shields        | 2 |  2.3
Throwing       | |  0.7
Armour         | |  0.9
Stealth        | |  1.0

Action                   |  1- 3 |  4- 6 |  7- 9 | 10-12 | 13-15 || total
-------------------------+-------+-------+-------+-------+-------++-------
Melee: Unarmed           |    44 |       |       |       |    49 ||    93
       Punch             |     1 |     1 |     4 |    11 |     2 ||    19
       Flail             |    13 |    47 |       |       |       ||    60
       Whip              |       |       |   255 |    83 |       ||   338
       Morningstar       |       |       |       |   161 |   131 ||   292
Throw: Dart              |       |       |       |     1 |     1 ||     2
Invok: Ancestor Identity |     2 |       |       |       |       ||     2
       Ancestor Life: Ba |     1 |       |       |       |       ||     1
       Idealise          |       |       |     3 |     8 |     1 ||    12
       Recall Ancestor   |       |       |     1 |       |       ||     1
       Transference      |       |       |     2 |     2 |       ||     4
  Use: Scroll            |     2 |       |     4 |     9 |     4 ||    19
       Potion            |       |       |     4 |     5 |     2 ||    11
 Stab: Sleeping          |     1 |     2 |     3 |       |       ||     6
       Distracted        |       |     1 |       |     6 |     1 ||     8
Armor: Robe              |    18 |    16 |    55 |    12 |       ||   101
       Skin              |       |       |    22 |       |       ||    22
       Steam dragon scal |       |       |       |    42 |       ||    42
       Troll leather arm |       |       |       |    12 |    44 ||    56
Dodge: Dodged            |    18 |    37 |    95 |   117 |    75 ||   342

Table legend: (Time is in decaauts)
 A = Elapsed time spent in this place.
 B = Non-inter-level travel time spent in this place.
 C = Inter-level travel time spent in this place.
 D = Time resting spent in this place.
 E = Time spent auto-exploring this place.
 F = Levels seen in this place.
 G = Mean time per level.
                   A        B        C        D        E       F      G
               +--------+--------+--------+--------+--------+-----+--------+
         Total |  13493 |  10785 |   2708 |   1098 |   6535 |  18 |  749.6 |
       Dungeon |   8817 |   6514 |   2303 |    578 |   4144 |  11 |  801.5 |
          Lair |   4003 |   3598 |    405 |    449 |   2391 |   5 |  800.6 |
       Ossuary |    140 |    140 |      0 |      0 |      0 |   1 |  140.0 |
        Bailey |    532 |    532 |      0 |     71 |      0 |   1 |  532.0 |
               +--------+--------+--------+--------+--------+-----+--------+

Top non-repeatable levels by time:
     D:5: 1532 daAuts
  Lair:1: 1182 daAuts
  Lair:2: 845 daAuts
     D:6: 830 daAuts
     D:7: 827 daAuts
     D:8: 819 daAuts
  Lair:4: 777 daAuts
    D:11: 771 daAuts
  Lair:3: 758 daAuts
     D:2: 758 daAuts
     D:9: 730 daAuts
     D:3: 701 daAuts
    D:10: 624 daAuts
     D:4: 614 daAuts
     D:1: 606 daAuts
